 Dungeon Crawl Stone Soup version 0.23.1-37-gaa34b87b72 (webtiles) character file.

Game seed: 5437535817800856005

1274 Gargoyl the Skirmisher (level 8, -21/69 HPs)
             Began as a Centaur Abyssal Knight on Mar 22, 2019.
             Was a Priest of Lugonu.
             Demolished by a white ugly thing (29 damage)
             ... on level 5 of the Dungeon.
             The game lasted 00:08:01 (3861 turns).

Gargoyl the Skirmisher (Centaur Abyssal Knight)     Turns: 3861, Time: 00:08:01

Health: -21/69     AC:  7    Str: 16    XL:     8   Next: 28%
Magic:  10/11      EV:  9    Int: 11    God:    Lugonu [***...]
Gold:   300        SH:  3    Dex: 10    Spells: 7/7 levels left

rFire    + . .     SeeInvis .   s - +2 war axe
rCold    . . .     Gourm    .   n - +0 buckler
rNeg     . . .     Faith    .   q - +1 troll leather armour
rPois    .         Spirit   .   (no helmet)
rElec    .         Reflect  .   p - scarf {cloud immunity}
rCorr    .         Harm     .   B - +0 pair of gloves
MR       .....                  (no barding)
Stlth    ..........             (no amulet)
HPRegen  0.61/turn              m - ring of protection from fire
MPRegen  0.12/turn              (no ring)

@: very quick
A: large, hooves 3, deformed body, speed 2, tough skin 3
a: Depart the Abyss, Bend Space, Banish, Renounce Religion


You were on level 5 of the Dungeon.
You worshipped Lugonu.
Lugonu was most pleased with you.
You were not hungry.

You visited 1 branch of the dungeon, and saw 5 of its levels.
You visited the Abyss 1 time.

You collected 300 gold pieces.

Inventory:

Hand Weapons
 a - a +1 hand axe
 s - a +2 war axe (weapon)
Missiles
 d - 3 tomahawks (quivered)
Armour
 n - a +0 buckler (worn)
 p - a scarf of cloud immunity (worn)
 q - a +1 troll leather armour (worn)
 z - a +2 chain mail of magic resistance
 B - a +0 pair of gloves (worn)
Jewellery
 m - a ring of protection from fire (left hand)
 u - an uncursed ring of positive energy
Wands
 g - a wand of acid (4)
 x - a wand of random effects (17)
 y - a wand of iceblast (5)
Scrolls
 b - a scroll of remove curse
 e - 3 scrolls of identify
 j - 2 scrolls of magic mapping
 r - a scroll of teleportation
Potions
 h - 2 potions of magic {unknown}
 i - 2 potions of curing
 k - a potion of mutation {unknown}
 l - a potion of degeneration {unknown}
 o - 6 potions of lignification {unknown}
 t - a potion of flight {unknown}
 v - a potion of heal wounds {unknown}
 w - a potion of haste
Comestibles
 c - 8 rations


   Skills:
 + Level 5.5 Fighting
 + Level 5.2 Axes
 * Level 3.4 Armour
 * Level 2.7 Dodging
 + Level 0.4 Shields
 * Level 4.4 Invocations
 + Level 0.2 Evocations


You had 7 spell levels left.
You didn't know any spells.
Your spell library was empty.

Dungeon Overview and Level Annotations

Branches:
Dungeon (5/15)
 Temple: D:4-7

Altars:
Fedhas
Ru
Xom
Zin

Annotations:
D:5 1 transporter


Innate Abilities, Weirdness & Mutations

You have hooves in place of feet.
Armour fits poorly on your strangely shaped body.
You cover ground very quickly.
You have extremely tough skin. (AC +3)


Message History

Found 14 arrows.
There is a transporter here.
You enter the transporter and appear at another place.
The shadow imp hits you but does no damage.
The white ugly thing kicks you! The white ugly thing freezes you!!
The orc warrior hits you with a +0 flail!
* * * LOW HITPOINT WARNING * * *
Found five items.
Found three altars.
Unknown command.
You feel better.
The orc wizard hits you with a +0 dagger.
The shadow imp closely misses you.
The white ugly thing kicks you but does no damage.
The orc warrior hits you with a +0 flail!
* * * LOW HITPOINT WARNING * * *
Space bends around you!
You blink.
The white ugly thing kicks you.
* * * LOW HITPOINT WARNING * * *
The white ugly thing freezes you!!
You die...

#...### #####.......
##.....©.....
#..#########.
#.##8$___$8## .
#.#..!!$%(..#..
#.#.##...##.#..
#.#.##o..##.#..
#.#@u...... #.#
#.#.##o..##.#.#
#.#.##.©.##.#.#
######.#.........#.#
#....#.##8.....8##.# .
#....#..#########... #..
#....#......§.....##
#...##.##...##..).###(..
#....†....##...## ...


You could see a white ugly thing, an orc warrior and an orc wizard.

Vanquished Creatures
  Eustachio (D:4)
  A neqoxec (Abyss:3)
  The ghost of brittlin the Ruffian, an amateur DrTm (D:3)
  A phantom (D:4)
  An ice beast (D:3)
  An ogre (D:4)
  2 scorpions (D:4)
  A crimson imp (D:3)
  A bullfrog skeleton (D:4)
  A hound (D:3)
  Ijyb (D:3)
  An orc wizard (D:3)
  5 worker ants
  4 adders
  10 gnolls
  2 oozes (D:3)
  2 worms
  4 dart slugs
  7 leopard geckos
  5 orcs
  2 ball pythons
  4 giant cockroaches
  13 goblins
  5 hobgoblins
  2 quokkas (D:2)
  9 bats
  3 frilled lizards
  A jackal skeleton (D:4)
  5 kobolds
  A rat (D:2)
97 creatures vanquished.

Notes
Turn   | Place    | Note
-------+----------+-------------------------------------------
     0 | Abyss:1  | Gargoyl the Centaur Abyssal Knight began the quest for the
                  | Orb.
     0 | Abyss:1  | Reached XP level 1. HP: 19/19 MP: 2/2
    29 | Abyss:1  | Found an iron altar of Okawaru.
   133 | Abyss:3  | Noticed a neqoxec
   144 | Abyss:3  | Noticed a wretched star
   146 | Abyss:3  | Killed a neqoxec
   146 | Abyss:3  | Reached XP level 2. HP: 28/28 MP: 3/3
   147 | Abyss:3  | Reached XP level 3. HP: 34/34 MP: 4/4
   147 | Abyss:3  | Reached XP level 4. HP: 41/41 MP: 5/5
   147 | D:1      | Escaped the Abyss
   192 | D:1      | Reached XP level 5. HP: 47/47 MP: 6/6
   598 | D:1      | Reached * piety under Lugonu
   876 | D:2      | Reached skill level 1 in Dodging
  1616 | D:3      | Found a runed translucent door.
  1652 | D:3      | Noticed brittlin's ghost (amateur DrTm)
  1831 | D:3      | Killed brittlin's ghost
  1831 | D:3      | Reached XP level 6. HP: 36/55 MP: 8/8
  1859 | D:3      | Found a sacrificial altar of Ru.
  1917 | D:3      | Reached ** piety under Lugonu
  2305 | D:3      | Found a shimmering altar of Xom.
  2327 | D:3      | Reached skill level 5 in Fighting
  2632 | D:4      | Reached XP level 7. HP: 58/61 MP: 9/9
  2936 | D:4      | Noticed Eustachio
  2952 | D:4      | Killed Eustachio
  2974 | D:4      | Noticed Ijyb
  3059 | D:3      | Killed Ijyb
  3152 | D:4      | Reached XP level 8. HP: 43/68 MP: 11/11
  3506 | D:4      | Reached skill level 5 in Axes
  3563 | D:4      | Reached *** piety under Lugonu
  3830 | D:5      | Entered Level 5 of the Dungeon
  3834 | D:5      | Found a transporter.
  3834 | D:5      | Found a transporter.
  3851 | D:5      | Noticed a white ugly thing
  3855 | D:5      | Found a blossoming altar of Fedhas.
  3855 | D:5      | Found a shimmering altar of Xom.
  3855 | D:5      | Found a glowing silver altar of Zin.
  3861 | D:5      | Demolished by a white ugly thing

Skill      XL: |  1  2  3  4  5  6  7  8 |
---------------+-------------------------+-----
Fighting       | 4 5 |  5.5
Axes           | 2 3 4 5 |  5.2
Armour         | 2 3 |  3.4
Dodging        | 1 2 |  2.7
Invocations    | 3 4 |  4.4
Shields        | |  0.4
Evocations     | |  0.2

Action                   |  1- 3 |  4- 6 |  7- 9 || total
-------------------------+-------+-------+-------++-------
Melee: Hand axe          |       |   242 |       ||   242
       Kick              |       |    47 |    20 ||    67
       War axe           |       |     1 |   101 ||   102
Invok: Depart the Abyss  |       |     1 |       ||     1
       Bend Space        |       |       |     1 ||     1
Evoke: Wand              |     3 |       |       ||     3
  Use: Scroll            |     2 |     6 |     1 ||     9
       Potion            |     1 |     3 |     2 ||     6
  Eat: Chunk             |       |     4 |     3 ||     7
Armor: Ring mail         |       |    22 |       ||    22
       Troll leather arm |       |    93 |    49 ||   142
Dodge: Dodged            |       |   138 |    53 ||   191
Block: Buckler           |       |       |    18 ||    18
